 Dungeon Crawl Stone Soup version 0.30.1-11-g7821555f0a (webtiles) character file.

Game seed: 1555736928659007276

16355 Arctor the Fighter (level 12, -3/97 HPs)
             Began as a Human Fighter on Jan 12, 2024.
             Was a High Priest of Okawaru.
             Killed by divine providence
             ... invoked by an orc priest
              (9 damage)
             ... on level 1 of the Orcish Mines.
             The game lasted 00:26:51 (11735 turns).

Arctor the Fighter (Human Fighter)                 Turns: 11735, Time: 00:26:52

Health: -3/97      AC: 22    Str: 20    XL:     12   Next: 69%
Magic:  11/12      EV:  8    Int: 11    God:    Okawaru [*****.]
Gold:   992        SH: 14    Dex: 12    Spells: 11/11 levels left

rFire   . . .        f - +8 mace (heavy)
rCold   . . .        l - +1 kite shield
rNeg    + + +        S - +0 plate armour
rPois   +            (no helmet)
rElec   .            z - scarf {repulsion}
rCorr   +            L - +0 pair of gloves
SInv    .            P - +2 pair of boots of Veabbof {rN++ rCorr}
Will    .....        I - amulet of faith Stlth
                     w - ring of poison resistance
HPRegen 1.16/turn    x - ring of positive energy
MPRegen 0.13/turn

%: repel missiles, faith
@: heroic, on berserk cooldown, slowed, very slow
A: mutation resistance 1, regeneration 1, wild magic 1
a: Renounce Religion, Heroism, Finesse, Duel


You were on level 1 of the Orcish Mines.
You worshipped Okawaru.
Okawaru was extremely pleased with you.
You visited 3 branches of the dungeon, and saw 14 of its levels.
You also visited: Sewer.

You collected 992 gold pieces.

Inventory:

Hand Weapons
 a - a +0 war axe
 f - a +8 heavy mace (weapon)
Missiles
 M - 5 silver boomerangs (quivered)
Armour
 b - a +0 scale mail
 c - a +0 buckler
 k - +0 acid dragon scales
 l - a +1 kite shield (worn)
 y - a +0 pair of boots
 z - a scarf of repulsion (worn)
 D - a +2 ring mail of fire resistance
 L - a +0 pair of gloves (worn)
 P - the +2 pair of boots of Veabbof (worn) {rN++ rCorr}
   (Okawaru gifted it to you on level 10 of the Dungeon)

   rN:        It greatly protects you from negative energy.
   rCorr:     It protects you from acid and corrosion.
 S - a +0 plate armour (worn)
Jewellery
 g - a ring of fire
 v - an amulet of guardian spirit
 w - a ring of poison resistance (left hand)
 x - a ring of positive energy (right hand)
 I - an amulet of faith (around neck)
 Q - a ring of ice
Wands
 j - a wand of paralysis (4)
 s - a wand of roots (16)
 B - a wand of flame (21)
 R - a wand of quicksilver (2)
Scrolls
 e - 2 scrolls of amnesia
 h - 3 scrolls of immolation
 m - 7 scrolls of teleportation
 n - 4 scrolls of summoning
 p - 3 scrolls of vulnerability
 t - a scroll of poison
 A - 4 scrolls of fog
 G - a scroll of blinking
 J - a scroll of identify
 K - a scroll of silence
Potions
 d - 3 potions of might
 i - 3 potions of flight
 o - 2 potions of curing
 q - 3 potions of degeneration
 r - 2 potions of attraction
 u - 2 potions of brilliance
 E - 3 potions of mutation
 N - a potion of magic {unknown}
 O - a potion of ambrosia {unknown}


   Skills:
 + Level 9.8(14.8) Fighting
 + Level 9.5(16.1) Axes
 + Level 8.9(15.7) Maces & Flails
 + Level 9.8(14.8) Armour
 + Level 9.8(14.8) Shields
 + Level 0.6 Invocations


You had 11 spell levels left.
You didn't know any spells.
Your spell library contained the following spells:

 Spells                   Type           Power      Damage    Failure   Level
 Freeze                   Ice            0%         1d3       100%        1
 Necrotise                Necr           0%         1d4       100%        1
 Sandblast                Erth           0%         2d4       100%        1
 Cigotuvi's Dreadful Rot  Necr/Pois/Air  0%         N/A       100%        2
 Passwall                 Tmut/Erth      0%         N/A       100%        2
 Dazzling Flash           Conj/Hex       0%         N/A       100%        3
 Frozen Ramparts          Ice            0%         1d1       100%        3
 Hailstorm                Conj/Ice       0%         3d3       100%        3
 Ozocubu's Armour         Ice            0%         N/A       100%        3
 Stone Arrow              Conj/Erth      0%         3d7       100%        3
 Vampiric Draining        Necr           0%         2d6       100%        3
 Volatile Blastmotes      Fire/Tloc      0%         2d10      100%        3
 Dispel Undead            Necr           0%         3d6       100%        4
 Ice Form                 Ice/Tmut       0%         N/A       100%        4
 Iskenderun's Mystic Bla  Conj/Tloc      0%         2d3       100%        4
 Agony                    Necr           0%         N/A       100%        5
 Metabolic Englaciation   Hex/Ice        0%         N/A       100%        5
 Starburst                Conj/Fire      0%         6d3       100%        6
 Chain Lightning          Conj/Air       0%         N/A       100%        9
 Fire Storm               Conj/Fire      0%         5d1       100%        9
 Shatter                  Erth           0%         3d5*      100%        9
 Summon Ice Beast         Ice/Summ       Unusable   N/A       N/A         4
 Death Channel            Necr           Unusable   N/A       N/A         6
 Simulacrum               Ice/Necr       Unusable   N/A       N/A         6

Dungeon Overview and Level Annotations

Branches:
Dungeon (11/15)            Temple (1/1) D:5            Lair (0/5) D:11
    Orc (2/2) D:9             Elf (0/3) Orc:2         Sewer (visited)

Altars:
Ashenzari
Elyvilon
Gozag
Hepliaklqana
Kikubaaqudgha
Makhleb
Nemelex Xobeh
Okawaru
Ru
Trog
Uskayaw
Vehumet
Wu Jian
Yredelemnul
Zin
The Shining One

Shops:
D:3 **(   D:4 =

Annotations:
D:3 2 transporters, Eboss360's ghost, amateur MiBe
Orc:2 Nessos


Innate Abilities, Weirdness & Mutations

You are somewhat resistant to further mutation.
Your natural rate of healing is unusually fast.
Your spells are a little harder to cast, but a little more powerful.


Message History

Okawaru accepts your kill.
You are no longer berserk.
You are exhausted.
You feel yourself slow down. The troll bites you but does no damage.
The troll claws you but does no damage. The troll claws you!
* * * LOW HITPOINT WARNING * * *
You don't know any spells.
Unknown command.
You gain the combat prowess of a mighty hero.
The troll bites you but does no damage. The troll claws you.
* * * LOW HITPOINT WARNING * * *
You block the troll's attack. You block the orc warrior's attack.
The troll bites you but does no damage. The troll barely misses you.
The troll claws you but does no damage. The orc warrior completely misses you.
You hit the orc warrior.
The orc warrior is lightly wounded.
The orc warrior hits you with a +0 long sword!
* * * LOW HITPOINT WARNING * * *
The troll completely misses you. The troll claws you but does no damage.
The troll barely misses you.
Unknown command.
You closely miss the orc warrior.
The orc warrior is lightly wounded.
The orc warrior no longer looks unusually strong.
The troll barely misses you. The troll claws you.
* * * LOW HITPOINT WARNING * * *
The troll closely misses you. You block the orc warrior's attack.
The orc priest miscasts a cantrip.
You block the orc warrior's attack. The troll bites you!
* * * LOW HITPOINT WARNING * * *
The troll claws you but does no damage. You block the troll's attack.
Unknown command.
Okay, then.
Blink to where?
Press: ? - help, Dir - move target, p - troll
As you read the scroll of blinking, it crumbles to dust.
The orc priest no longer looks unusually strong.
The orc priest invokes the aid of Beogh against you.
Beogh smites you!
You die...

####....#...#......#
#.#....####.#....###
#o)....## ####.....#
##Toho..####......##
##.ooo..##.......#
##..$# ##.#...#......###
##..$.#######.)......^#
##.......## #......##.#
#.........# #..@..#####
#.........## #.........#
..........$#.#........##
...........##..^......#
........).....)..###....
..oo##.#).......## #....
..>######.......# ....
.T.T.# .......... ...
.......$......$.##


You could see an orc knight, a warg, 2 orc warriors and 2 orc priests.

Vanquished Creatures
  A boulder beetle (D:11)
  A centaur warrior (D:8)
  A two-headed ogre (D:7)
  2 orc sorcerers (Orc:1)
  An unseen horror (D:11)
  2 kobold demonologists
  3 trolls
  A hornet (D:8)
  A slime creature (D:10)
  Sigmund (D:6)
  A shadow (D:7)
  A wyvern (D:10)
  3 wraiths
  14 yaks
  A steam dragon (D:8)
  4 vampire mosquitoes (D:11)
  5 wargs
  An acid dragon (D:10)
  A water moccasin (D:6)
  A sky beast (D:7)
  8 orc warriors
  5 ogres
  6 centaurs
  A phantom (D:6)
  2 kobold brigands
  A bullfrog (D:6)
  2 gnoll sergeants
  4 scorpions
  7 wights (D:10)
  6 killer bees
  6 electric eels (D:11)
  3 howler monkeys (D:8)
  6 jellies
  14 orc priests
  Crazy Yiuf (D:6)
  A gnoll bouda (D:8)
  5 hounds
  A sleepcap (D:8)
  4 iguanas
  13 orc wizards
  12 adders
  12 gnolls
  3 river rats
  A shadow imp (D:4)
  4 ufetubi
  4 worms
  29 orcs
  7 bats
  12 endoplasms
  4 giant cockroaches
  6 goblins
  7 hobgoblins
  5 jackals
  8 kobolds
  A quokka (D:2)
  18 ball pythons
  8 frilled lizards
  10 rats
293 creatures vanquished.

Vanquished Creatures (others)
  An orc (Orc:2)
1 creature vanquished.

Grand Total: 294 creatures vanquished

Notes
Turn   | Place    | Note
-------+----------+-------------------------------------------
     0 | D:1      | Arctor the Human Fighter began the quest for the Orb.
     0 | D:1      | Reached XP level 1. HP: 18/18 MP: 1/1
    62 | D:1      | Reached XP level 2. HP: 21/24 MP: 2/2
   723 | D:2      | Reached XP level 3. HP: 29/29 MP: 3/3
   874 | D:2      | Found an ornate altar of the Wu Jian Council.
  1468 | D:2      | Reached XP level 4. HP: 32/35 MP: 4/4
  2086 | D:3      | Reached XP level 5. HP: 42/42 MP: 5/5
  2117 | D:3      | Noticed Eboss360's ghost (amateur MiBe)
  2207 | D:3      | Found a transporter.
  2212 | D:3      | Found a transporter.
  2226 | D:3      | Found Kaguisis's Antique Weapon Emporium.
  2389 | D:3      | Found Harirr's Assorted Antiques.
  2435 | D:3      | Found Estaec's Assorted Antiques.
  2446 | D:3      | Gained mutation: Your spells are a little harder to cast,
                  | but a little more powerful. [potion of mutation]
  2446 | D:3      | Gained mutation: Your natural rate of healing is unusually
                  | fast. [potion of mutation]
  2446 | D:3      | Gained mutation: You are somewhat resistant to further
                  | mutation. [potion of mutation]
  2981 | D:4      | Found a basalt altar of Yredelemnul.
  3045 | D:4      | Found Vanlull's Jewellery Shop.
  3069 | D:5      | Entered Level 5 of the Dungeon
  3073 | D:5      | Reached XP level 6. HP: 48/48 MP: 6/6
  3082 | D:5      | Reached skill level 1 in Maces & Flails
  3342 | D:5      | Reached XP level 7. HP: 55/55 MP: 7/7
  3353 | D:5      | Found a sacrificial altar of Ru.
  3437 | D:5      | Found a glowing drain.
  3444 | Sewer    | Entered a sewer
  3675 | Sewer    | Found a viscous altar of Jiyva.
  3901 | D:5      | Found a radiant altar of Vehumet.
  4062 | D:5      | Reached XP level 8. HP: 58/61 MP: 6/8
  4199 | D:5      | Found a staircase to the Ecumenical Temple.
  4235 | Temple   | Entered the Ecumenical Temple
  4302 | Temple   | Became a worshipper of Warmaster Okawaru
  4516 | D:6      | Reached skill level 5 in Fighting
  4516 | D:6      | Reached skill level 5 in Armour
  4516 | D:6      | Reached skill level 5 in Shields
  4640 | D:6      | Noticed Sigmund
  4649 | D:6      | Killed Sigmund
  4697 | D:6      | Reached * piety under Okawaru
  4745 | D:6      | Reached skill level 5 in Axes
  4910 | D:6      | Reached XP level 9. HP: 63/68 MP: 9/9
  5062 | D:6      | Found a runed translucent door.
  5063 | D:6      | Noticed Crazy Yiuf
  5272 | D:6      | Killed Crazy Yiuf
  5970 | D:7      | Noticed a two-headed ogre
  6380 | D:7      | Reached ** piety under Okawaru
  6688 | D:7      | Killed a two-headed ogre
  6767 | D:8      | Reached skill level 5 in Maces & Flails
  6802 | D:8      | Noticed a hornet
  6824 | D:8      | Reached XP level 10. HP: 77/80 MP: 10/10
  6831 | D:8      | Reached XP level 11. HP: 86/86 MP: 11/11
  6833 | D:8      | Paralysed by a hornet for 3 turns
  6847 | D:8      | Paralysed by a hornet for 1 turns
  7043 | D:8      | Reached *** piety under Okawaru
  7268 | D:8      | Noticed a centaur warrior
  7279 | D:8      | Killed a centaur warrior
  7599 | D:8      | Reached **** piety under Okawaru
  8051 | D:9      | Found a staircase to the Orcish Mines.
  8067 | D:9      | Found a glowing silver altar of Zin.
  8235 | D:9      | You fall into a shaft and drop 2 floors!
  8551 | D:11     | Found a staircase to the Lair.
  8557 | D:11     | Reached ***** piety under Okawaru
  8627 | D:10     | Entered Level 10 of the Dungeon
  8983 | D:10     | HP: 3/89 [acid dragon (11)]
  9653 | D:10     | Identified the +2 pair of boots of Veabbof {rN++ rCorr}
                  | (Okawaru gifted it to you on level 10 of the Dungeon)
  9653 | D:10     | Received a gift from Okawaru
  9723 | D:10     | Reached XP level 12. HP: 69/95 MP: 12/12
 10160 | D:11     | Noticed a boulder beetle
 10191 | D:11     | Killed a boulder beetle
 10341 | D:11     | Identified the +7 short sword of Xogejita {flame, rF- rCorr
                  | Str+8}
 11034 | Orc:1    | Entered Level 1 of the Orcish Mines
 11115 | Orc:2    | Entered Level 2 of the Orcish Mines
 11160 | Orc:2    | Found a staircase to the Elven Halls.
 11437 | Orc:2    | Noticed Nessos
 11516 | Orc:2    | Noticed a two-headed ogre
 11589 | Orc:1    | Paralysed by an orc sorcerer for 5 turns
 11705 | Orc:1    | Noticed a sixfirhy
 11733 | Orc:1    | HP: 3/97 [troll (13)]
 11735 | Orc:1    | Killed from afar by an orc priest

Illustrated notes

Levels and vault maps discovered:
D:1:      denvon_arrival_waterhouse, layout_basic
D:2:      layout_loops_corners, basic_altar, minmay_snake_closets
D:3:      layout_loops_cross, gammafunk_ghost_arena, serial_shops, shop, shop,
          shop
D:4:      layout_rooms, yredelemnul_altar_generic, serial_shops,
          nicolae_shop_real_fake_doors
D:5:      layout_loops_ring, nicolae_vehumet_radiance, nicolae_ru_path_of_blood,
          minmay_temple_entry_nine_rooms, portal_sewer_entry_e,
          nicolae_nh_ransacked_shop
D:6:      layout_basic, water_boxes_lemuel, uniq_sigmund,
          uniq_crazy_yiuf_cottage
D:7:      layout_layer_cave
D:8:      layout_basic, st_stairs_8, nicolae_wwwww
D:9:      cheibrodos_two_vegetables, layout_loops_ring,
          nicolae_overflow_hallway_of_the_gods, zin_scriptorium
D:10:     layout_loops_corners, minmay_fractal_squares_5
D:11:     nicolae_moon_pools, layout_loops_cross, erik_lair_orcish_takeover
Temple:   hellmonk_temple_two_chambers
Orc:1:    layout_diamond_mine
Orc:2:    st_orc_open, layout_diamond_mine, serial_shops,
          nicolae_lakefront_shop, uniq_nessos

Skill      XL: |  1  2  3  4  5  6  7  8  9 10 11 12 |
---------------+-------------------------------------+-----
Axes           | 3 4 5 7 8 9 |  9.5
Fighting       | 4 5 8 9 |  9.8
Shields        | 4 5 8 9 |  9.8
Maces & Flails | 1 2 3 7 8 |  8.9
Armour         | 4 5 8 9 |  9.8
Invocations    | |  0.6

Action                     |  1- 3 |  4- 6 |  7- 9 | 10-12 || total
---------------------------+-------+-------+-------+-------++-------
  Melee: War axe           |    14 |       |       |       ||    14
         Mace              |    57 |   112 |   253 |   448 ||   870
  Throw: Boomerang         |       |       |       |     3 ||     3
         Dart              |       |       |       |     1 ||     1
         Throwing net      |       |       |       |     1 ||     1
 Invoke: Heroism           |       |       |     3 |     4 ||     7
    Use: Scroll            |       |     8 |    12 |    10 ||    30
         Potion            |       |     2 |     2 |    11 ||    15
 Armour: Scale mail        |    36 |    69 |   111 |       ||   216
         Ring mail         |       |       |    58 |   128 ||   186
         Skin              |       |       |       |     7 ||     7
         Plate armour      |       |       |       |   153 ||   153
         Acid dragon scale |       |       |       |     8 ||     8
  Dodge: Dodged            |    48 |    79 |   186 |   241 ||   554
         Repelled          |       |       |       |     3 ||     3
  Block: Buckler           |    26 |    48 |   101 |    69 ||   244
         Kite shield       |       |       |       |   281 ||   281
